 Dungeon Crawl Stone Soup version 0.15.0-23-gc2b521c (console) character file.

121 gw the Cudgeler (level 4, 0/40 HPs)
             Began as a Minotaur Fighter on Sept 8, 2014.
             Slain by an orc (1 damage)
             ... on Level 3 of the Dungeon.
             The game lasted 00:01:17 (2435 turns).

gw the Cudgeler (Minotaur Fighter)                  Turns: 2435, Time: 00:01:17

HP   0/40        AC  8     Str 26      XL: 4   Next: 76%
MP   2/2         EV  9     Int  5      God:
Gold 0           SH  0     Dex 10      Spells:  0 memorised,  3 levels left

rFire  + . .     SeeInvis .     a - +0 flail
rCold  . . .     Clarity  .     b - +0 scale mail
rNeg   . . .     rCorr    .     (no shield)
rPois  .         rRot     .     (helmet restricted)
rElec  .         Spirit   .     (no cloak)
SustAb .         Warding  .     j - +0 pair of gloves
rMut   .         Stasis   .     (no boots)
Gourm  .                        (no amulet)
MR     .....                    (no ring)
                                h - ring of protection from fire

@: mighty, not resistant to hostile enchantments, extremely unstealthy
A: retaliatory headbutt, horns 2
a: no special abilities


You were on level 3 of the Dungeon.
You were not hungry.

You visited 1 branch of the dungeon, and saw 3 of its levels.

Inventory:

Hand weapons
 a - a +0 flail (weapon)
Missiles
 f - 128 stones (quivered)
Armour
 b - a +0 scale mail (worn)
 j - a +0 pair of gloves (worn)
Magical devices
 g - a wand of confusion (13) {unknown}
 l - a wand of enslavement (10)
Comestibles
 d - 2 bread rations
Scrolls
 c - 2 scrolls of blinking
 i - 2 scrolls of identify
Jewellery
 h - a ring of protection from fire (left hand)


   Skills:
 + Level 4.1 Fighting
 * Level 4.4 Maces & Flails
 + Level 1.8 Throwing
 + Level 4.3 Armour
   Level 3.6 Shields


You had 3 spell levels left.
You didn't know any spells.

Dungeon Overview and Level Annotations

Branches:
Dungeon (3/15)

Altars:
Yredelemnul
Zin


Innate Abilities, Weirdness & Mutations

You reflexively headbutt those who attack you in melee.
You have a pair of horns on your head.


Message History

The orc priest invokes the aid of Beogh against you.
Something smites you!
Found a scroll of remove curse.
Drink which item? (? for menu, Esc to quit)
You feel very mighty all of a sudden.
The orc priest glows brightly for a moment.
The orc hits you but does no damage. Space bends around you.
ATTACK MOVE TO (0,1)
You sock the orc!
You kill the orc!
The orc priest calls down the wrath of Beogh upon you.
Something smites you! The orc closely misses you.
ATTACK MOVE TO (0,1)
You closely miss the orc. You headbutt the orc!
You kill the orc!
The orc hits you but does no damage.
ATTACK MOVE TO (0,1)
You closely miss the orc. The orc barely misses you.
The orc hits you but does no damage. The orc hits you.
You die...

###. #..# ........<..
.....#+#..# ##########.
.......... #.
.........################
#.........................
#......[..################
#.........#....... ...
#########......# ###
#...H#.##.# #....oo.#
#......o.# #..######..# ..
.... ....# ... .?


You could see an orc priest and 2 orcs.

Table legend:
 A = Turns spent in this place as a percentage of turns spent in the entire game.
 B = Non-inter-level travel turns spent in this place as a percentage of non-inter-level travel turns spent in the entire game.
 C = Inter-level travel turns spent in this place as a percentage of turns spent in this place.
 D = Turns resting spent in this place as a percentage of non-inter-level travel turns spent in this place.
 E = Turns spent auto-exploring this place as a percentage of non-inter-level travel turns spent in this place.
 F = Non-inter-level travel turns spent in this place divided by the number of levels of this place that you've seen.
                   A       B       C       D       E      F
               +-------+-------+-------+-------+-------+----------------------
         Total | 100.0 | 100.0 |   1.0 |   3.3 |  17.9 | 204.7
       Dungeon | 100.0 | 100.0 |   1.0 |   3.3 |  17.9 | 204.7
               +-------+-------+-------+-------+-------+----------------------

Table legend:
 A = Kills in this place as a percentage of kills in entire the game.
 B = Kills by you in this place as a percentage of kills by you in the entire game.
 C = Kills by friends in this place as a percentage of kills by friends in the entire game.
 D = Other kills in this place as a percentage of other kills in the entire game.
 E = Experience gained in this place as a percentage of experience gained in the entire game.
 F = Experience gained in this place divided by the number of levels of this place that you have seen.
                   A       B       C       D       E      F
               +-------+-------+-------+-------+-------+----------------------
         Total | 100.0 | 100.0 |  -nan |  -nan | 100.0 |  57.7
       Dungeon | 100.0 | 100.0 |  -nan |  -nan | 100.0 |  57.7
               +-------+-------+-------+-------+-------+----------------------

Vanquished Creatures
  Ijyb (D:2)
  4 adders (D:2)
  A worm (D:3)
  3 giant geckos
  An ooze (D:2)
  2 orcs (D:3)
  3 giant cockroaches
  7 goblins
  6 hobgoblins
  2 kobolds
  A ball python (D:2)
  10 bats
  2 giant newts
  6 jackals
  5 rats
  A spectral orc (D:2)
55 creatures vanquished.

Notes
Turn   | Place    | Note
--------------------------------------------------------------
     0 | D:1      | gw, the Minotaur Fighter, began the quest for the Orb.
     0 | D:1      | Reached XP level 1. HP: 19/19 MP: 1/1
   297 | D:1      | Reached XP level 2. HP: 21/27 MP: 1/1
   473 | D:1      | Reached skill level 1 in Throwing
   777 | D:1      | Reached XP level 3. HP: 33/33 MP: 2/2
  1322 | D:2      | Noticed Ijyb
  1334 | D:2      | Killed Ijyb
  1334 | D:2      | Reached skill level 4 in Maces & Flails
  1334 | D:2      | Reached XP level 4. HP: 37/40 MP: 2/2
  1941 | D:2      | Found a glowing silver altar of Zin.
  2110 | D:2      | Found a basalt altar of Yredelemnul.
  2433 | D:3      | HP: 1/40 [orc priest/divine providence (13)]
  2435 | D:3      | Slain by an orc

Action                   |  1- 3 |  4- 6 || total
-------------------------+-------+-------++-------
Melee: Flail             |    83 |    34 ||   117
Throw: Stone             |    78 |    72 ||   150
Evoke: Wand              |       |     1 ||     1
  Use: Scroll            |     4 |     3 ||     7
       Potion            |     1 |     1 ||     2
  Eat: Chunk             |     1 |     4 ||     5

Vault maps used:
D:1:      dpeg_arrival_leaves_temple_mockup
D:2:      lemuel_coloured_pillars_altar, yredelemnul_forgotten_temple_becter,
          uniq_iyjb
D:3:      lemuel_crystal_altar, minmay_bat_box
